 Dungeon Crawl Stone Soup version 0.30-b1-2-g02819fbbbe (webtiles) character file.

Game seed: 8023147315404883356

171550 Mesmaeker13 the Warrior (level 17, -8/130 HPs)
             Began as a Barachi Hunter on Sept 9, 2023.
             Was a High Priest of Hepliaklqana.
             Mangled by a salamander
             ... wielding a +4 trident
              (12 damage)
             ... on level 2 of the Snake Pit on Sept 10, 2023.
             The game lasted 01:34:03 (32891 turns).

Mesmaeker13 the Warrior (Barachi Hunter)           Turns: 32891, Time: 01:34:04

Health: -8/130     AC: 20    Str: 22    XL:     17   Next: 72%
Magic:  25/25      EV: 22    Int: 11    God:    Hepliaklqana [*****.]
Gold:   1143       SH:  0    Dex: 33    Spells: 12/16 levels left

rFire   . . .        F - +4 arbalest "Xebuenyk" {penet, rPois Str+2}
rCold   . . .        (shield currently unavailable)
rNeg    . . .        D - +3 scale mail {Will+}
rPois   +            v - +1 helmet of the Last Suns {Will+}
rElec   .            (no cloak)
rCorr   +            i - +1 pair of gloves
SInv    +            q - +0 pair of boots of the Unseen Realm {*Slow +Blink rPois Dex+7}
Will    +++..        Q - amulet of Vonkoa {Acrobat rCorr Str+5 SInv}
Stlth   +            C - +6 ring of dexterity
HPRegen 0.41/turn    y - +4 ring of slaying
MPRegen 0.19/turn

%: slow self (1%), acrobat
@: studying Axes, invisible, slow
A: reduced essence, amphibious, slowness 1, strong legs 2, +LOS
}: 1/15 runes: decaying
a: Hop, Renounce Religion, Evoke Blink, Recall Ancestor, Ancestor Identity,
Transference, Idealise


You were on level 2 of the Snake Pit.
You worshipped Hepliaklqana.
Hepliaklqana was extremely pleased with you.
You visited 6 branches of the dungeon, and saw 29 of its levels.

You collected 2572 gold pieces.
You spent 1429 gold pieces at shops.

Inventory:

Hand Weapons
 g - a +3 battleaxe of freezing
 w - a +0 arbalest of flaming
 F - the +4 arbalest "Xebuenyk" (weapon) {penet, rPois Str+2}
   (You found it on level 14 of the Dungeon)

   Str:       It affects your strength (+2).
   rPois:     It protects you from poison.
 J - the +8 hand axe "Tashra" {flame, Dex+2}
   (You found it on level 2 of the Lair of Beasts)

   Dex:       It affects your dexterity (+2).
 U - a +2 antimagic hand axe
Missiles
 u - 2 throwing nets
 N - 5 silver boomerangs
Armour
 i - a +1 pair of gloves (worn)
 q - the +0 pair of boots of the Unseen Realm (worn) {*Slow +Blink rPois Dex+7}
   (You acquired it on level 12 of the Dungeon)

   Dex:       It affects your dexterity (+7).
   rPois:     It protects you from poison.
   +Blink:    It lets you blink.
   *Slow:     It may slow you when you take damage.
 r - a +1 scale mail of fire resistance
 v - the +1 helmet of the Last Suns (worn) {Will+}
   (You took it off Robin on level 4 of the Dungeon)

   Will:      It increases your willpower.
 D - a +3 scale mail of willpower (worn)
 W - a +1 ring mail of cold resistance
Jewellery
 m - a ring of flight
 y - a +4 ring of slaying (right hand)
 C - a +6 ring of dexterity (left hand)
 E - a ring of ice
 P - a ring of poison resistance
 Q - the amulet of Vonkoa (around neck) {Acrobat rCorr Str+5 SInv}
   (You bought it in a shop on level 14 of the Dungeon)

   [amulet of the acrobat]

   It increases your evasion while moving and waiting.
   Str:       It affects your strength (+5).
   SInv:      It lets you see invisible.
   rCorr:     It protects you from acid and corrosion.
 S - a +6 ring of strength
 T - an amulet of regeneration
Wands
 p - a wand of flame (4)
 s - a wand of paralysis (15)
Scrolls
 a - a scroll of magic mapping
 b - a scroll of enchant weapon
 c - a scroll of amnesia
 l - 2 scrolls of butterflies
 n - 8 scrolls of teleportation
 L - 6 scrolls of fog
 V - 7 scrolls of identify
Potions
 d - 4 potions of ambrosia
 e - 4 potions of cancellation
 k - 2 potions of magic
 o - 4 potions of attraction
 t - 3 potions of might
 x - a potion of resistance
 z - 4 potions of haste
 A - 5 potions of mutation
 B - 7 potions of lignification
 G - 17 potions of curing
 H - 4 potions of brilliance
 R - 2 potions of flight
Miscellaneous
 O - a lightning rod (4/4)


   Skills:
 - Level 16.4 Fighting
 + Level 12.2 Axes
 + Level 16.2 Ranged Weapons
 - Level 15.1 Armour
 + Level 10.6 Dodging
 - Level 1.1 Stealth
 + Level 9.8 Translocations
 - Level 10.9 Invocations
 + Level 9.0 Evocations


You had 12 spell levels left.
You knew the following spells:

 Your Spells              Type           Power      Damage    Failure   Level
a - Slow                  Hex            0%         N/A       56%         1
b - Teleport Other        Tloc           21%        N/A       3%          3

Your spell library contained the following spells:

 Spells                   Type           Power      Damage    Failure   Level
 Blink                    Tloc           42%        N/A       1%          2
 Lesser Beckoning         Tloc           42%        N/A       1%          2
 Gell's Gravitas          Tloc           21%        N/A       3%          3
 Manifold Assault         Tloc           21%        N/A       13%         4
 Momentum Strike          Conj/Tloc      20%        3d8       14%         2
 Vhi's Electric Charge    Tloc/Air       20%        N/A       28%         3
 Freeze                   Ice            0%         1d3       56%         1
 Sting                    Tmut/Pois      0%         1d3       56%         1
 Ensorcelled Hibernation  Hex/Ice        0%         N/A       71%         2
 Poisonous Vapours        Pois/Air       0%         N/A       71%         2
 Scorch                   Fire           0%         2d5       71%         2
 Dispersal                Tloc           10%        N/A       89%         6
 Confusing Touch          Hex            0%         N/A       91%         3
 Frozen Ramparts          Ice            0%         1d1       91%         3
 Hailstorm                Conj/Ice       0%         3d3       91%         3
 Inner Flame              Hex/Fire       0%         N/A       91%         3
 Mephitic Cloud           Conj/Pois/Air  0%         N/A       91%         3
 Ozocubu's Armour         Ice            0%         N/A       91%         3
 Spider Form              Tmut/Pois      0%         N/A       91%         3
 Vampiric Draining        Necr           0%         2d6       91%         3
 Summon Forest            Summ/Tloc      5%         N/A       95%         5
 Anguish                  Hex/Necr       0%         N/A       100%        4
 Animate Armour           Summ/Erth      0%         N/A       100%        4
 Animate Dead             Necr           0%         N/A       100%        4
 Flame Wave               Conj/Fire      0%         2d4       100%        4
 Ice Form                 Ice/Tmut       0%         N/A       100%        4
 Olgreb's Toxic Radiance  Pois           0%         N/A       100%        4
 Sticky Flame             Conj/Fire      0%         2d3       100%        4
 Summon Ice Beast         Ice/Summ       0%         N/A       100%        4
 Alistair's Intoxication  Tmut/Pois      0%         N/A       100%        5
 Arcjolt                  Conj/Air       0%         1d10      100%        5
 Blade Hands              Tmut           0%         N/A       100%        5
 Borgnjor's Vile Clutch   Necr/Erth      0%         N/A       100%        5
 Freezing Cloud           Conj/Ice/Air   0%         6-21      100%        5
 Metabolic Englaciation   Hex/Ice        0%         N/A       100%        5
 Summon Mana Viper        Hex/Summ       0%         N/A       100%        5
 Eringya's Noxious Bog    Tmut/Pois      0%         N/A       100%        6
 Iron Shot                Conj/Erth      0%         9d1       100%        6
 Plasma Beam              Fire/Air       0%         2x1d11    100%        6
 Simulacrum               Ice/Necr       0%         N/A       100%        6
 Statue Form              Tmut/Erth      0%         N/A       100%        6
 Summon Cactus Giant      Summ           0%         N/A       100%        6
 Haunt                    Necr/Summ      0%         N/A       100%        7
 Malign Gateway           Summ/Tloc      5%         N/A       100%        7
 Storm Form               Tmut/Air       0%         N/A       100%        7
 Infestation              Necr           0%         N/A       100%        8
 Summon Horrible Things   Summ           0%         N/A       100%        8
 Shatter                  Erth           0%         3d5*      100%        9


Dungeon Overview and Level Annotations

Branches:
Dungeon (15/15)            Temple (1/1) D:4            Lair (5/5) D:8
  Swamp (4/4) Lair:3        Snake (2/4) Lair:2        Slime (0/5) Lair:4
    Orc (2/2) D:12            Elf (0/3) Orc:2        Vaults (0/5) D:13
 Depths (0/4) D:15

Altars:
Ashenzari
Cheibriados
Dithmenos
Elyvilon
Fedhas
Gozag
Hepliaklqana
Kikubaaqudgha
Makhleb
Nemelex Xobeh
Okawaru
Qazlal
Ru
Sif Muna
Trog
Uskayaw
Vehumet
Wu Jian
Xom
Yredelemnul
Zin
The Shining One
Jiyva
Lugonu

Shops:
D:3 [(   D:4 [   D:11 [   D:12 [[?!   D:13 [   D:14 =   Orc:2 *:[(
Snake:1 :?*:

Portals:
Abyss: Lair:5

Annotations:
D:14 3 runed translucent doors, Axipewex's ghost, journeyman OgTm
Lair:4 Rupert
Snake:2 Vashnia


Innate Abilities, Weirdness & Mutations

Your life essence is reduced to manifest your ancestor. (-10% HP)
You are amphibious.
You cover ground slowly.
You can hop long distances.
You have an extended range of vision and can be seen from far away.


Message History

Press: ? - help, Q - select action, (/) - cycle Shift-Dir - straight line, f/p - naga warrior
Aim: a naga warrior, wielding a +2 mace of protection and wearing a +0 kite shield of protection (almost dead, constricting you, 81% to hit)
You shoot a bolt.
The bolt pierces through the naga warrior!
You kill the naga warrior!
You feel sick. The salamander barely misses you. The salamander misses you.
Your Evocations skill increases to level 9!
Fire: F) +4 arbalest "Xebuenyk" {penet, rPois Str+2}
Press: ? - help, Q - select action, (/) - cycle Shift-Dir - straight line, f - salamander
Aim: a salamander, wielding a +4 trident (moderately wounded, unable to see you, 84% to hit)
You shoot a bolt.
The bolt pierces through the salamander!
The salamander is moderately wounded.
The bolt pierces through the salamander!
The salamander is heavily wounded.
You feel sick.
The salamander completely misses you. x2
Fire: F) +4 arbalest "Xebuenyk" {penet, rPois Str+2}
Press: ? - help, Q - select action, (/) - cycle Shift-Dir - straight line, p - salamander
Okay, then.
Fire: F) +4 arbalest "Xebuenyk" {penet, rPois Str+2}
Press: ? - help, Q - select action, (/) - cycle Shift-Dir - straight line, f - salamander mystic, p - salamander
Aim: a salamander mystic, wielding a +0 dagger and wearing a +0 robe (heavily wounded, unable to see you, 84% to hit)
You shoot a bolt. The bolt pierces through the naga!!
You kill the naga!
The bolt pierces through the salamander mystic!!!
You kill the salamander mystic!
You feel sick.
You are no longer poisoned.
The salamander hits you from afar with a +4 trident!
You are engulfed in flames!
* * * LOW HITPOINT WARNING * * *
The salamander hits you with a +0 vampiric halberd!
* * * LOW HITPOINT WARNING * * *
You are engulfed in flames!
* * * LOW HITPOINT WARNING * * *
The salamander draws strength from your wounds!
The salamander hits you from afar with a +4 trident.
* * * LOW HITPOINT WARNING * * *
You are engulfed in flames!
You die...

# ##. ##.. ##...
##..# #..## ###N.#.
##N'))#. #
#.@#..#.. .
#..#..##. N#
#..##..#.# #.#.
†.####....#####....
..# ###.........#
... ###..N÷.###
.... ###N### #...#
##N..## ####
#...N.#


You could see 2 salamanders.

Vanquished Creatures
  A tentacled monstrosity (Swamp:2)
  Mlioglotl (Snake:1)
  Gastronok (Lair:1)
  Roxanne (Snake:1)
  A thorn hunter (Swamp:3)
  Donald (Snake:1)
  8 bunyips
  An ettin (Orc:1)
  Harold (Lair:1)
  20 hydras
  A great orb of eyes (shapeshifter) (D:13)
  A rakshasa (D:13)
  A ghost crab (Swamp:2)
  A catoblepas (Lair:3)
  An anaconda (Snake:2)
  7 centaur warriors
  2 boulder beetles
  2 two-headed ogres
  Erica (D:11)
  3 death yaks
  4 naga warriors
  7 alligators
  2 tengu warriors
  An orc high priest (Orc:2)
  3 shock serpents (Snake:1)
  2 thrashing horrors (Lair:5)
  The ghost of PanSaczeczos the Fighter, a novice TeCK of Xom (D:10)
  A salamander mystic (Snake:2)
  A skyshark (Lair:4)
  6 goliath frogs
  3 spriggan druids
  A naga ritualist (Snake:1)
  4 large abominations (Lair:5)
  7 bog bodies
  A sphinx zombie (D:15)
  8 swamp dragons
  A lindwurm (Orc:2)
  Pikel (D:6)
  5 orc knights
  A necromancer (D:15)
  A mana viper (Snake:1)
  7 orc sorcerers (Orc:2)
  5 will-o-the-wisps
  6 cyclopes
  9 ugly things
  A frost giant zombie (D:15)
  3 elephants (Lair:3)
  6 manticores
  5 salamanders
  Joseph (D:7)
  11 black mambas
  A guardian serpent (Snake:2)
  5 cane toads
  An unseen horror (D:10)
  2 rime drakes
  3 kobold demonologists
  A tengu conjurer (D:14)
  2 yaktaurs (D:15)
  8 komodo dragons
  2 spectral nagas (Snake:1)
  An ancient zyme (Lair:5)
  A guardian mummy (D:15)
  2 meliai (D:15)
  10 trolls
  2 bloated husks
  3 polar bears
  4 tyrant leeches
  6 hornets
  A tarantella (shapeshifter) (D:14)
  6 blink frogs (Lair:5)
  3 slime creatures
  A ynoxinul (Lair:5)
  3 wyverns
  11 yaks
  A vampire (D:13)
  11 spriggans
  5 wraiths
  5 basilisks
  2 chaos spawn (Lair:5)
  14 vampire mosquitoes
  A steam dragon (D:8)
  6 wargs
  7 nagas
  18 swamp worms
  12 water moccasins
  An acid dragon (D:13)
  An ice beast (D:6)
  10 swamp drakes
  2 black bears
  23 orc warriors
  A sky beast (D:8)
  11 small abominations (Lair:5)
  A boggart (D:13)
  7 ogres
  8 centaurs
  A phantom (D:6)
  5 wolves
  A lemure (D:6)
  2 kobold brigands
  9 bullfrogs
  2 gnoll sergeants
  5 scorpions
  5 wights
  19 killer bees
  2 electric eels
  3 howler monkeys (D:12)
  2 lava snakes (Lair:2)
  2 hounds
  4 jellies
  A gnoll bouda (D:7)
  11 orc priests
  Jessica (D:2)
  4 sleepcaps
  Ijyb (D:4)
  12 orc wizards
  6 iguanas
  Robin (D:4)
  21 gnolls
  10 adders
  A shadow imp (D:8)
  A white imp (D:6)
  A worm (D:3)
  2 dart slugs
  70 orcs
  5 endoplasms
  2 giant cockroaches
  23 goblins
  3 hobgoblins
  13 jackals
  3 quokkas
  9 ball pythons
  5 bats
  A frilled lizard (D:2)
  19 kobolds
  5 rats
690 creatures vanquished.

Vanquished Creatures (collateral kills)
  Jorgrun (D:15)
  A thorn hunter (Swamp:4)
  An orc warlord (Orc:2)
  A caustic shrike skeleton (D:15)
  A bunyip (Swamp:4)
  Josephine (D:10)
  A shambling mangrove (Swamp:4)
  9 hydras
  A vault guard (D:13)
  2 alligators (Swamp:3)
  A boulder beetle (Lair:1)
  A two-headed ogre (D:12)
  2 naga warriors (Snake:1)
  2 death yaks (Lair:3)
  A naga sharpshooter (Snake:1)
  A skyshark (Lair:5)
  3 swamp dragons
  2 phantasmal warriors
  2 bog bodies (Swamp:1)
  2 mana vipers
  A deep elf pyromancer (D:12)
  An orc sorcerer (Orc:2)
  2 ugly things
  A fire giant skeleton (D:15)
  3 black mambas
  2 cane toads
  A gargoyle (D:12)
  A kobold demonologist (D:11)
  3 unseen horrors
  A yaktaur (D:15)
  An efreet (D:15)
  A komodo dragon (Lair:5)
  A guardian mummy (D:15)
  A hydra zombie (Swamp:2)
  3 trolls
  A meliai (D:15)
  A queen bee (D:8)
  A tyrant leech (Swamp:3)
  2 hornets
  5 blink frogs (Lair:5)
  3 spriggans
  A wyvern (Lair:2)
  A vampire (D:11)
  3 ynoxinuls (Lair:5)
  A wraith (D:10)
  A basilisk (Lair:3)
  2 yaks
  4 vampire mosquitoes (D:12)
  2 swamp worms
  2 nagas (Snake:1)
  7 water moccasins
  5 orc warriors
  A black bear (Lair:3)
  An ogre (Orc:1)
  A wolf (Lair:2)
  3 centaurs
  A kobold brigand (D:11)
  6 killer bees
  An orc priest (D:12)
  2 orc wizards
  10 orcs
  A goblin (D:3)
  3 kobolds
  A butterfly (Lair:3)
132 creatures vanquished.

Vanquished Creatures (others)
  A centaur (D:15)
  15 knights
  3 ancestors
  An orc wizard (Orc:2)
  17 foxfires
  46 fungi
  79 plants
  6 withered plants (D:15)
168 creatures vanquished.

Grand Total: 990 creatures vanquished

Notes
Turn   | Place    | Note
-------+----------+-------------------------------------------
     0 | D:1      | Mesmaeker13 the Barachi Hunter began the quest for the Orb.
     0 | D:1      | Reached XP level 1. HP: 17/17 MP: 1/1
    31 | D:1      | Reached skill level 1 in Stealth
   117 | D:1      | Reached XP level 2. HP: 23/23 MP: 2/2
   578 | D:1      | Reached XP level 3. HP: 29/29 MP: 3/3
   705 | D:1      | Found a faded altar of an unknown god.
  1107 | D:2      | Noticed Jessica
  1112 | D:2      | Killed Jessica
  1205 | D:2      | Reached XP level 4. HP: 32/35 MP: 4/4
  2143 | D:3      | Found Udentuux's Antique Armour Shop.
  2201 | D:3      | Noticed an ogre
  2237 | D:4      | Reached XP level 5. HP: 15/42 MP: 5/5
  2456 | D:4      | Reached skill level 5 in Ranged Weapons
  2467 | D:4      | Reached XP level 6. HP: 45/49 MP: 6/6
  2488 | D:4      | Found Papaigel's Antique Armour Emporium.
  2787 | D:4      | Identified the +1 helmet of the Last Suns {Will+}
  2787 | D:4      | Noticed Robin
  2804 | D:4      | Killed Robin
  2805 | D:4      | Reached skill level 5 in Fighting
  3068 | D:4      | Noticed Ijyb
  3068 | D:4      | Paralysed by Ijyb for 5 turns
  3091 | D:4      | Killed Ijyb
  3129 | D:4      | Found a staircase to the Ecumenical Temple.
  3135 | Temple   | Entered the Ecumenical Temple
  3444 | D:4      | Found a shimmering altar of Xom.
  3445 | D:4      | Found a hazy altar of Hepliaklqana.
  3446 | D:4      | Noticed a spectral ugly thing
  3446 | D:4      | Noticed a cane toad
  3555 | D:4      | Found a burning altar of Makhleb.
  3592 | D:3      | Found Jedif's Weapon Shoppe.
  3660 | D:3      | Reached skill level 5 in Dodging
  3660 | D:3      | Reached XP level 7. HP: 56/56 MP: 7/7
  3906 | D:5      | Entered Level 5 of the Dungeon
  4553 | D:5      | Reached XP level 8. HP: 52/65 MP: 8/8
  5165 | D:6      | Reached skill level 1 in Armour
  5634 | D:6      | Reached XP level 9. HP: 71/74 MP: 9/9
  6055 | D:7      | Reached skill level 5 in Armour
  6060 | D:7      | Noticed Joseph
  6363 | D:7      | Reached skill level 1 in Evocations
  6382 | D:7      | Noticed Pikel
  6400 | D:6      | Killed Pikel
  6639 | D:7      | Killed Joseph
  6743 | D:7      | Reached XP level 10. HP: 83/83 MP: 10/10
  7003 | D:4      | Bought an ichor-stained ring mail for 270 gold pieces
  7003 | D:4      | Identified the +0 ring mail of Courage {rF- rCorr Str+3}
                  | (You bought it in a shop on level 4 of the Dungeon)
  7315 | D:8      | Found a staircase to the Lair.
  7486 | D:8      | Reached skill level 10 in Fighting
  8467 | D:4      | Became a worshipper of Hepliaklqana the Forgotten
  8919 | D:9      | Found an iron altar of Okawaru.
  8983 | D:9      | Found a shimmering blue altar of Sif Muna.
  9059 | D:9      | Noticed a two-headed ogre
  9067 | D:9      | Killed a two-headed ogre
  9068 | D:9      | Reached skill level 5 in Evocations
  9221 | D:9      | Found a sacrificial altar of Ru.
  9221 | D:9      | Found a sparkling altar of Nemelex Xobeh.
  9901 | D:10     | Entered Level 10 of the Dungeon
 10164 | D:10     | Killed an unseen horror
 10321 | D:10     | Found a runed translucent gate.
 10321 | D:10     | Found a runed translucent gate.
 10321 | D:10     | Found a runed translucent gate.
 10321 | D:10     | Noticed PanSaczeczos's ghost (novice TeCK)
 10321 | D:10     | Noticed a 12-headed hydra
 10357 | D:10     | Reached XP level 11. HP: 92/92 MP: 11/11
 10361 | D:10     | Noticed a 12-headed hydra
 10476 | D:10     | Reached * piety under Hepliaklqana
 10514 | D:10     | Reached skill level 10 in Ranged Weapons
 10853 | D:10     | Noticed Josephine
 10969 | Lair:1   | Entered Level 1 of the Lair of Beasts
 11181 | Lair:1   | Noticed a boulder beetle
 11218 | Lair:1   | Killed a boulder beetle
 11219 | Lair:1   | Reached skill level 1 in Invocations
 11660 | Lair:1   | Noticed Harold
 12070 | D:10     | Reached ** piety under Hepliaklqana
 12071 | D:10     | Remembered your ancestor Karpati as a knight
 12164 | D:10     | Killed Josephine
 12314 | D:11     | Found Jofeebb's Antique Armour Emporium.
 12437 | D:11     | Noticed a two-headed ogre
 12446 | D:11     | Killed a two-headed ogre
 12493 | D:11     | Reached skill level 10 in Armour
 12565 | D:11     | Noticed Erica
 12571 | D:11     | Killed Erica
 12794 | D:11     | Noticed a manticore
 12804 | D:11     | Killed a manticore
 13228 | D:3      | Bought a runed scale mail for 154 gold pieces
 13427 | D:12     | Reached XP level 12. HP: 61/91 MP: 14/14
 13744 | D:12     | Found a staircase to the Orcish Mines.
 13867 | D:12     | Noticed a two-headed ogre
 13874 | D:12     | Killed a two-headed ogre
 13943 | D:12     | Found Sem Geete's Antique Armour Shop.
 13943 | D:12     | Found Raido's Armour Shop.
 13943 | D:12     | Noticed a boulder beetle
 13971 | D:12     | Killed a boulder beetle
 14136 | D:12     | Found Xery's Magic Scroll Shop.
 14239 | D:12     | Found Daaqod's Distillery.
 14418 | D:12     | Reached skill level 5 in Invocations
 14555 | D:12     | Reached *** piety under Hepliaklqana
 14945 | D:12     | Identified a scroll of acquirement
 14945 | D:12     | Acquired the +0 pair of boots of the Unseen Realm {*Slow
                  | +Blink rPois Dex+7}
 15165 | Orc:1    | Entered Level 1 of the Orcish Mines
 15522 | Orc:2    | Entered Level 2 of the Orcish Mines
 15579 | Orc:2    | Noticed an orc warlord
 15587 | Orc:2    | Found Foafoimu's Antique Weapon Boutique.
 15587 | Orc:2    | Noticed an orc high priest
 15611 | Orc:2    | Noticed an ettin
 16308 | Lair:1   | Killed Harold
 16345 | Lair:1   | Gained mutation: You can hop long distances. [Barachi
                  | growth]
 16345 | Lair:1   | Reached XP level 13. HP: 99/99 MP: 17/17
 16444 | Lair:1   | Noticed Gastronok
 16451 | Lair:1   | Killed Gastronok
 16752 | Lair:2   | Identified the +8 hand axe "Tashra" {flame, Dex+2}
 17001 | Lair:2   | Learned a level 1 spell: Slow
 17334 | Lair:2   | Found a staircase to the Snake Pit.
 17586 | Lair:3   | Reached **** piety under Hepliaklqana
 17925 | Lair:3   | Found a staircase to the Swamp.
 18597 | Lair:3   | Reached XP level 14. HP: 108/108 MP: 19/19
 18877 | Lair:4   | Noticed Rupert
 18970 | Lair:4   | Reached skill level 15 in Fighting
 19033 | Lair:4   | Found a staircase to the Slime Pits.
 19033 | Lair:4   | Found a viscous altar of Jiyva.
 19185 | Lair:5   | Entered Level 5 of the Lair of Beasts
 19544 | Lair:5   | Reached ***** piety under Hepliaklqana
 20969 | Lair:5   | Found a corrupted altar of Lugonu.
 20969 | Lair:5   | Found a one-way gate to the infinite horrors of the Abyss.
 21134 | Lair:1   | Learned a level 3 spell: Teleport Other
 21232 | D:10     | HP: 3/111 [12-headed hydra (6)]
 21471 | D:10     | Killed PanSaczeczos's ghost
 21654 | D:13     | Found a stormy altar of Qazlal.
 21712 | D:13     | Reached skill level 1 in Translocations
 22501 | D:13     | Reached XP level 15. HP: 57/117 MP: 20/22
 22896 | D:13     | Found a gate to the Vaults.
 22996 | D:14     | Found an iron altar of Okawaru.
 23010 | D:14     | Found a runed translucent gate.
 23010 | D:14     | Found a runed translucent gate.
 23010 | D:14     | Found a runed translucent gate.
 23013 | D:14     | Noticed a rockslime
 23013 | D:14     | Noticed Axipewex's ghost (journeyman OgTm)
 23014 | D:14     | Noticed an acid blob
 23014 | D:14     | Noticed an azure jelly
 23014 | D:14     | Noticed a rockslime
 23016 | D:14     | Found a viscous altar of Jiyva.
 23177 | D:14     | Reached skill level 15 in Armour
 23226 | D:14     | Found Toad's Jewellery Shoppe.
 23639 | D:14     | Identified the +4 arbalest "Xebuenyk" {penet, rPois Str+2}
 23754 | D:15     | Entered Level 15 of the Dungeon
 23766 | D:14     | Reached skill level 1 in Axes
 23923 | D:15     | Found a staircase to the Depths.
 24065 | D:15     | Reached skill level 10 in Invocations
 24219 | D:15     | Noticed Jorgrun
 24229 | D:15     | Killed Jorgrun
 24230 | D:15     | Reached skill level 5 in Translocations
 25081 | D:12     | Bought a scroll of brand weapon for 133 gold pieces
 25081 | D:12     | Bought a scroll of teleportation for 42 gold pieces
 25081 | D:12     | Bought a scroll of identify for 28 gold pieces
 25280 | D:14     | Bought the amulet of Vonkoa {Acrobat rCorr Str+5 SInv} for
                  | 630 gold pieces
 25692 | Orc:2    | Reached skill level 5 in Axes
 26008 | Orc:2    | Found Kogymych's General Store.
 26125 | Orc:2    | Found Ekaot's Book Emporium.
 26148 | Orc:2    | Found Pajamua's Antique Armour Boutique.
 26343 | Orc:2    | Killed an orc warlord
 26344 | Orc:2    | Reached XP level 16. HP: 125/125 MP: 18/23
 26531 | Orc:2    | Found a staircase to the Elven Halls.
 26910 | Swamp:1  | Entered Level 1 of the Swamp
 27045 | Swamp:1  | Reached skill level 15 in Ranged Weapons
 27260 | Swamp:1  | Identified the +5 quarterstaff "Uriteth" {flame, Drain rF-
                  | Int+7 Stlth+}
 27328 | Swamp:1  | Found an ancient bone altar of Kikubaaqudgha.
 27903 | Swamp:2  | Noticed a tentacled monstrosity
 28086 | Swamp:2  | Got Cigotuvi's Quarto of Reanimation Made Easy
 28149 | Swamp:2  | Killed a tentacled monstrosity
 28747 | Swamp:3  | Noticed a thorn hunter
 28806 | Swamp:3  | Killed a thorn hunter
 29245 | Swamp:4  | Entered Level 4 of the Swamp
 29758 | Swamp:4  | Reached skill level 10 in Axes
 30050 | Swamp:4  | Reached XP level 17. HP: 23/130 MP: 25/25
 30880 | Swamp:4  | Reached skill level 10 in Dodging
 31054 | Swamp:4  | Got a decaying rune of Zot
 31340 | Snake:1  | Entered Level 1 of the Snake Pit
 31411 | Snake:1  | Found Udewn's Magic Scroll Shoppe.
 31417 | Snake:1  | Found Celoh's Book Boutique.
 31422 | Snake:1  | Found Laifrus's General Store.
 31422 | Snake:1  | Found Adaku Cedu's Book Shoppe.
 31428 | Snake:1  | Bought a scroll of teleportation for 30 gold pieces
 31428 | Snake:1  | Bought a scroll of teleportation for 30 gold pieces
 31449 | Snake:1  | Bought a scroll of enchant weapon for 112 gold pieces
 31472 | Snake:1  | Noticed Mlioglotl
 31477 | Snake:1  | Killed Mlioglotl
 31702 | Snake:1  | Identified Roxanne's Verses on Lithomancy
 31702 | Snake:1  | Noticed Roxanne
 31703 | Snake:1  | Noticed Donald
 31719 | Snake:1  | Killed Donald
 31907 | Snake:1  | Killed Roxanne
 32105 | Snake:2  | Noticed Vashnia
 32542 | Snake:1  | HP: 5/130 [naga sharpshooter/+0 trident[Vashnia] (10)]
 32868 | Snake:2  | HP: 6/130 [constriction (3)]
 32891 | Snake:2  | HP: 4/130 [salamander/+4 trident (3)]
 32891 | Snake:2  | Mangled by a salamander

Illustrated notes

Levels and vault maps discovered:
D:1:      heliophobic_arrival_enchanted_forest, layout_basic,
          shapermc_ecumenical_altar_petra, bh_walls_and_bars
D:2:      layout_loops_corners, serial_aquarium, aquarium_bridge_straight
          [aquarium_subvault_bridge, aquarium_subvault_wall,
          aquarium_subvault_bridge, aquarium_subvault_window],
          aquarium_bridge_straight [aquarium_subvault_bridge,
          aquarium_subvault_balcony, aquarium_subvault_bridge,
          aquarium_subvault_window], aquarium_window_1,
          aquarium_window_corridor_1, aquarium_view_2c, aquarium_view_4,
          aquarium_balcony_3a, aquarium_pool_2, uniq_jessica
D:3:      layout_loops_corners, serial_shops, shop, shop, minmay_curled_crystal,
          minmay_ogre_servants
D:4:      layout_cave_pools, regret_index_temple_of_mockery,
          lightli_temple_of_fire, minmay_temple_entry_fiery, serial_shops, shop,
          grunt_ministairs_13, uniq_ijyb, uniq_robin
D:5:      layout_basic, serial_bayou, serial_bayou_pond_a,
          serial_bayou_lagoon_a, serial_bayou_lagoon_b, serial_bayou_lake_a
D:6:      nicolae_cairo_tiling_very_big, layout_rooms
D:7:      layout_basic, uniq_pikel, uniq_joseph
D:8:      layout_gridville, david_lair_shrubbed
D:9:      layout_basic, gammafunk_temple_overflow_wave,
          mainiacjoe_overflow_swirl, minmay_misc_feat_ornament,
          kennysheep_decorative_pillar
D:10:     layout_basic, gammafunk_ghost_hydra_chop, uniq_josephine
D:11:     layout_roguey, dreamdust_mushroom_princess, nicolae_stop_n_shop_1,
          uniq_erica
D:12:     layout_basic, hiddenorc2_lemuel, serial_shops, shop,
          nicolae_shop_distant_corner_stores
D:13:     layout_basic, david_vaults_5, grunt_qazlal_sundering
D:14:     layout_irregular_city, okawaru_ov_weapons_minmay,
          gammafunk_ghost_ooze, serial_shops, nicolae_take_the_stairs
D:15:     gammafunk_depths_entry_grave, layout_loops_ring, serial_rivers,
          chequers_serial_rivers_large_a, chequers_serial_rivers_small_b,
          chequers_serial_rivers_room_a, chequers_serial_rivers_micro_d,
          uniq_jorgrun
Temple:   regret_index_temple_generic_petals
Lair:1:   layout_cave_pods, special_room [special_room_bee], uniq_harold,
          uniq_gastronok
Lair:2:   cheibrodos_lair_river_kwai, layout_loops_ring,
          nicolae_snake_entry_warm_welcome
Lair:3:   layout_cave_pods, skrybe_swamp_entry_bodies, forest_entry_grove,
          infiniplex_staircase_pool, grunt_megastairs_3, lemuel_fruit_fields,
          lemuel_fruit_tree
Lair:4:   layout_roguey, minmay_slime_entry_pillars, gammafunk_ghost_necromancy,
          lookout_lair_type, beast_lair_carwin_9, uniq_rupert
Lair:5:   hellmonk_lair_end_abyssal_woods, layout_long_grid
Swamp:1:  layout_basic_swamp, evilmike_swamp_ruin_house_2, swamp_pool1,
          grunt_ruined_hall, infiniplex_staircase_pool_2
Swamp:2:  layout_falls_marsh, nicolae_swamp_treefoil,
          nicolae_swamp_necromancy_gone_wrong
Swamp:3:  layout_basic_swamp, nicolae_swamp_ascending_descending_big,
          swamp_pool1
Swamp:4:  swamp, layout_basic_swamp
Snake:1:  layout_basic, nicolae_wooded_promenade,
          nicolae_snake_ghostly_warrior_ritual, uniq_donald, uniq_mlioglotl,
          uniq_roxanne
Snake:2:  layout_misc_corridors, nicolae_snake_mages_go_home,
          grunt_megastairs_2, uniq_vashnia, uniq_louise
Orc:1:    layout_diamond_mine
Orc:2:    grunt_orc_gardens, layout_diamond_mine, grunt_orc_garden,
          grunt_orc_garden, grunt_orc_garden, grunt_orc_garden,
          nicolae_volcano_entry_vermiform

Skill      XL: |  1  2  3  4  5  6  7  8  9 10 11 12 13 14 15 16 17 |
---------------+----------------------------------------------------+-----
Stealth        | 1 |  1.1
Fighting       | 3 4 5 6 8 9 10 12 13 14 16 | 16.4
Dodging        | 3 4 5 6 7 9 10 | 10.6
Ranged Weapons | 5 6 7 8 9 11 12 13 14 15 16 | 16.2
Armour         | 4 6 8 10 11 13 14 15 | 15.1
Evocations     | 3 5 6 7 9 |  9.0
Invocations    | 3 6 7 9 10 | 10.9
Translocations | 2 6 8 9 |  9.8
Axes           | 6 10 12 | 12.2

Action                     |  1- 3 |  4- 6 |  7- 9 | 10-12 | 13-15 | 16-18 || total
---------------------------+-------+-------+-------+-------+-------+-------++-------
  Melee: Quarterstaff      |     3 |       |       |       |       |       ||     3
         Short sword       |       |    18 |   113 |    41 |       |       ||   172
         Punch             |       |     1 |     3 |     1 |       |       ||     5
         Falchion          |       |    16 |       |       |       |       ||    16
         Flail             |       |       |       |   100 |       |       ||   100
         Hand axe          |       |       |       |    30 |       |       ||    30
   Fire: Shortbow          |    78 |   176 |   332 |   330 |       |       ||   916
         Arbalest          |       |       |       |   247 |   818 |   556 ||  1621
  Throw: Throwing net      |       |       |       |     1 |       |       ||     1
 Invoke: Recall Ancestor   |       |       |       |     4 |     3 |     6 ||    13
         Ancestor Life: Kn |       |       |       |     1 |       |       ||     1
         Ancestor Identity |       |       |       |     1 |       |       ||     1
         Transference      |       |       |       |     1 |       |       ||     1
         Idealise          |       |       |       |       |     3 |     7 ||    10
Ability: Hop               |       |     3 |     8 |     7 |     7 |     7 ||    32
         Evoke Blink       |       |       |       |       |       |     1 ||     1
  Evoke: Wand              |       |       |     5 |    17 |     2 |     2 ||    26
         Lightning rod     |       |       |       |       |     2 |       ||     2
    Use: Scroll            |       |       |     4 |    23 |    13 |    11 ||    51
         Potion            |       |       |       |     6 |     4 |     8 ||    18
   Stab: Paralysed         |       |       |    13 |    46 |       |       ||    59
         Distracted        |       |       |       |     2 |       |       ||     2
 Armour: Leather armour    |     7 |    26 |    60 |    85 |       |       ||   178
         Scale mail        |       |       |       |   107 |   138 |    73 ||   318
         Ring mail         |       |       |       |       |    50 |       ||    50
  Dodge: Dodged            |    26 |   101 |   165 |   393 |   360 |   230 ||  1275
